 Dungeon Crawl Stone Soup version 0.25.1-1-g288607f (webtiles) character file.

Game seed: 1887881336553522335

254 Jonnyslop the Vexing (level 5, -4/24 HPs)
             Began as a Spriggan Enchanter on Nov 19, 2020.
             Shot with an arrow by a centaur (14 damage)
             ... on level 4 of the Dungeon.
             The game lasted 00:06:34 (3159 turns).

Jonnyslop the Vexing (Spriggan Enchanter)           Turns: 3159, Time: 00:06:35

Health: -4/24      AC:  2    Str:  4    XL:     5   Next: 90%
Magic:  12/12      EV: 18    Int: 18    God:
Gold:   212        SH:  0    Dex: 16    Spells: 3/12 levels left

rFire    . . .     SeeInvis +   a - +1 dagger
rCold    . . .     Gourm    .   (shield restricted)
rNeg     . . .     Faith    .   b - +0 robe
rPois    .         Spirit   .   (helmet restricted)
rElec    .         Reflect  .   (no cloak)
rCorr    .         Harm     .   (gloves unavailable)
MR       .....                  (boots unavailable)
Stlth    +++.......             e - amulet of regeneration
HPRegen  0.48/turn              (no ring)
MPRegen  0.13/turn              (no ring)

@: very quick
A: very small, unfitting armour, see invisible, herbivore, speed 3, slow
metabolism 2
a: no special abilities


You were on level 4 of the Dungeon.
You were hungry.

You visited 1 branch of the dungeon, and saw 4 of its levels.

You collected 212 gold pieces.

Inventory:

Hand Weapons
 a - a +1 dagger (weapon)
Missiles
 t - 15 poisoned darts (quivered)
Armour
 b - a +0 robe (worn)
Jewellery
 e - an amulet of regeneration (around neck)
 i - an uncursed amulet of magic regeneration
Wands
 o - a wand of flame (15)
 s - a wand of polymorph (6)
 u - a wand of random effects (23)
Scrolls
 h - a scroll of amnesia {unknown}
 k - 2 scrolls of immolation {unknown}
 l - 4 scrolls of identify
 m - a scroll of fog
 n - a scroll of enchant weapon {unknown}
 p - a scroll of remove curse
 q - 2 scrolls of enchant armour {unknown}
 r - a scroll of fear {unknown}
 v - 3 scrolls of random uselessness {unknown}
Potions
 c - 2 potions of cancellation
 f - 3 potions of heal wounds
 g - a potion of lignification {unknown}
 j - 2 potions of degeneration {unknown}
Comestibles
 d - 8 rations


   Skills:
 * Level 4.3 Short Blades
 - Level 3.0 Dodging
 - Level 4.4 Stealth
 + Level 4.1 Spellcasting
 + Level 4.9 Hexes
 + Level 1.6 Ice Magic


You had 3 spell levels left.
You knew the following spells:

 Your Spells              Type           Power        Failure   Level  Hunger
a - Ensorcelled Hibernat  Hex/Ice        ###...       6%          2    ##.....
b - Corona                Hex            ###....      1%          1    None
c - Confusing Touch       Hex            ###.....     6%          3    ###....
d - Tukima's Dance        Hex            ###.....     6%          3    ###....

Your spell library contained the following spells:

 Spells                   Type           Power        Failure   Level  Hunger
 Dazzling Flash           Conj/Hex       ##....       16%         3    ###....


Dungeon Overview and Level Annotations

Branches:
Dungeon (4/15)
 Temple: D:4-7

Altars:
Cheibriados
Fedhas
Uskayaw


Innate Abilities, Weirdness & Mutations

You are very small and have problems with some larger weapons.
You are too small for most types of armour.
You have supernaturally acute eyesight. (SInv)
You are a herbivore.
You cover ground extremely quickly.
You need to consume almost no food.


Message History

d - 8 rations (gained 1)
Found a ring mail.
You see here a ring mail.
Found a stone staircase leading down.
A centaur comes into view.
The centaur wields a +0 shortbow.
The centaur shoots an arrow.
The arrow barely misses you.
You see here an arrow.
A scorpion comes into view.
Something hits the bush.
The centaur wields a +0 shortbow.
The centaur shoots an arrow.
The arrow hits you!
Ouch! That really hurt!
You see here an arrow.
The centaur shoots an arrow.
The arrow closely misses you.
Found a blossoming altar of Fedhas.
You see here an arrow.
The centaur shoots an arrow.
The arrow hits you!
Ouch! That really hurt!
You die...

#.#
#.###.##..
#.#
#.........
..#
#..##.##.#
##
#####..##.##
...
#.....(....#
##.
#.###..#####
#(# #..#
##(# #.$..
#.@# #.###.
#....s...# #
#..PPP.P.#
#..PcP.P.#
##.PP_ P #.P
PP #.. ...


You could see a centaur and a scorpion (wandering).

Vanquished Creatures
  An ogre (D:4)
  Ijyb (D:3)
  A worker ant (D:2)
  5 adders
  2 oozes
  A dart slug (D:1)
  5 leopard geckos
  A giant cockroach (D:2)
  6 goblins
  6 hobgoblins
  3 jackals (D:1)
  A quokka (D:2)
  A ball python (D:2)
  8 bats
  2 frilled lizards
  9 kobolds
  8 rats
61 creatures vanquished.

Notes
Turn   | Place    | Note
-------+----------+-------------------------------------------
     0 | D:1      | Jonnyslop the Spriggan Enchanter began the quest for the
                  | Orb.
     0 | D:1      | Reached XP level 1. HP: 9/9 MP: 5/5
   169 | D:1      | Reached XP level 2. HP: 11/13 MP: 6/6
   173 | D:1      | Learned a level 2 spell: Ensorcelled Hibernation
   715 | D:1      | Reached XP level 3. HP: 16/16 MP: 8/8
  1312 | D:2      | Reached XP level 4. HP: 21/21 MP: 2/10
  1382 | D:2      | Learned a level 3 spell: Confusing Touch
  1386 | D:2      | Learned a level 3 spell: Tukima's Dance
  1406 | D:2      | Found a snail-covered altar of Cheibriados.
  1640 | D:2      | Reached skill level 1 in Ice Magic
  2412 | D:3      | Noticed Ijyb
  2430 | D:3      | Killed Ijyb
  2430 | D:3      | Reached XP level 5. HP: 24/24 MP: 1/11
  2999 | D:4      | Noticed an ogre
  3010 | D:4      | Killed an ogre
  3068 | D:4      | Found a hide-covered altar of Uskayaw.
  3138 | D:4      | Noticed a centaur
  3158 | D:4      | Found a blossoming altar of Fedhas.
  3159 | D:4      | Shot with an arrow by a centaur

Illustrated notes

Levels and vault maps discovered:
D:1:      scummos_arrival_simple_fountains, layout_basic, serial_aquarium,
          aquarium_bridge_island_small [aquarium_subvault_small_open,
          aquarium_subvault_wall, aquarium_subvault_wall,
          aquarium_subvault_balcony, aquarium_subvault_bridge],
          aquarium_bridge_square [aquarium_subvault_wall,
          aquarium_subvault_wall, aquarium_subvault_balcony,
          aquarium_subvault_bridge], aquarium_window_fake,
          aquarium_window_corridor_1, aquarium_view_2c, aquarium_balcony_5b,
          aquarium_pool_1, minmay_pentomino_w2
D:2:      layout_rooms, nicolae_overflow_crystal_walls, first_ration,
          eino_curves_01
D:3:      layout_loops_ring, uniq_ijyb
D:4:      layout_basic, fedhas_bush_and_centaur_altar,
          eat_drink_and_be_merry_uskayaw, uniq_natasha

Skill      XL: |  1  2  3  4  5 |
---------------+----------------+-----
Short Blades   | 2 3 4 |  4.3
Spellcasting   | 3 4 |  4.1
Hexes          | 4 |  4.9
Ice Magic      | 1 |  1.6
Dodging        | |  3.0
Stealth        | |  4.4

Action                   |  1- 3 |  4- 6 || total
-------------------------+-------+-------++-------
Melee: Dagger            |   137 |    57 ||   194
 Cast: Ensorcelled Hiber |    14 |    39 ||    53
  Use: Scroll            |     4 |       ||     4
 Stab: Sleeping          |    18 |    25 ||    43
  Eat: Ration            |       |     1 ||     1
Armor: Robe              |    20 |     3 ||    23
Dodge: Dodged            |   123 |    41 ||   164
